 Dungeon Crawl Stone Soup version 0.24-a0-447-ge8da9206dc (webtiles) character file.

Game seed: 17143805491567516193

22 ivs the Cudgeler (level 2, -5/16 HPs)
             Began as a Vine Stalker Fighter on June 26, 2019.
             Slain by Natasha (8 damage)
             ... on level 2 of the Dungeon.
             The game lasted 00:03:01 (308 turns).

ivs the Cudgeler (Vine Stalker Fighter)              Turns: 308, Time: 00:03:01

Health: -5/16      AC:  7    Str: 18    XL:     2   Next: 91%
Magic:  0/3        EV:  7    Int:  8    God:
Gold:   29         SH:  9    Dex: 13    Spells: 1/1 levels left

rFire    . . .     SeeInvis .   a - +0 flail
rCold    . . .     Gourm    .   c - +0 shield
rNeg     . . .     Faith    .   b - +0 scale mail
rPois    .         Spirit   +   i - +0 helmet
rElec    .         Reflect  .   (no cloak)
rCorr    .         Harm     .   (no gloves)
MR       .....                  (no boots)
Stlth    ..........             (no amulet)
HPRegen  0.05/turn              (no ring)
MPRegen  0.08/turn              (no ring)

@: no status effects
A: fangs 2, magic shield, antimagic bite, no potion heal 3, rot immunity
a: no special abilities


You were on level 2 of the Dungeon.
You were not hungry.

You visited 1 branch of the dungeon, and saw 2 of its levels.

You collected 29 gold pieces.

Inventory:

Hand Weapons
 a - a +0 flail (weapon)
 k - a +1 dagger of draining
Armour
 b - a +0 scale mail (worn)
 c - a +0 shield (worn)
 i - a +0 helmet (worn)
Jewellery
 h - a cursed ring of attention {unknown}
Scrolls
 e - 2 scrolls of blinking {unknown}
 g - a scroll of identify {unknown}
Potions
 d - a potion of might
 j - a potion of haste {unknown}
Comestibles
 f - 3 rations


   Skills:
 - Level 2.6 Fighting
 + Level 3.0 Maces & Flails
 - Level 2.4 Armour
 - Level 2.6 Shields


You had one spell level left.
You didn't know any spells.
Your spell library was empty.

Dungeon Overview and Level Annotations

Branches:
Dungeon (2/15)

Altars:

Annotations:
D:2 Natasha, Robin


Innate Abilities, Weirdness & Mutations

You have extremely sharp teeth.
When hurt, damage is shared between your health and your magic reserves.
Your bite disrupts and absorbs the magic of your enemies.
Potions cannot restore your health.
You are immune to rotting.


Message History

Robin hits you but does no damage.
The crimson imp hits you but does no damage.
You hit the crimson imp.
You kill the crimson imp!
Robin throws the goblin at you!
You closely miss the goblin. Your bite misses the goblin.
The goblin completely misses you.
A goblin comes into view. It is wielding a +0 club.
Robin barely misses you. The goblin hits you but does no damage.
The goblin moves out of view.
You barely miss the goblin. You bite the goblin.
You kill the goblin!
Natasha mewls in sadness.
Natasha claws you.
The crimson imp blinks!
Robin throws the goblin at you!
Natasha mumbles some strange words.
You miss Natasha. Your bite misses Natasha. The goblin hits you with a +0 club.
* * * LOW HITPOINT WARNING * * *
Robin closely misses you. Natasha claws you!
Ouch! That really hurt!
You die...

##......####
#...........
#.##'#####+# #.
##.....#
#.+###...## #
..#.##..## #.
#.#..ยง.#.#
#.###.#.gh###.#
......#..#@#
#.. #.#..h###g#
#.# #..5## #.#
#+ ##.## ..#
#g.# #+ #...g
#.##.# #g# #..
#.# ###


You could see Robin, Natasha and a goblin.

Vanquished Creatures
  A leopard gecko (D:1)
  A giant cockroach (D:2)
  2 hobgoblins (D:2)
  3 jackals (D:2)
  2 kobolds
  2 bats (D:1)
  A frilled lizard (D:1)
  6 goblins
  2 rats (D:1)
20 creatures vanquished.

Notes
Turn   | Place    | Note
-------+----------+-------------------------------------------
     0 | D:1      | ivs the Vine Stalker Fighter began the quest for the Orb.
     0 | D:1      | Reached XP level 1. HP: 11/11 MP: 2/2
    48 | D:1      | Reached skill level 2 in Maces & Flails
    89 | D:1      | Reached XP level 2. HP: 16/16 MP: 3/3
   288 | D:2      | Noticed Natasha
   288 | D:2      | Noticed Robin
   296 | D:2      | Noticed a crimson imp
   301 | D:2      | Noticed a crimson imp
   302 | D:2      | Reached skill level 3 in Maces & Flails
   308 | D:2      | Slain by Natasha

Levels and vault maps discovered:
D:1:      minmay_arrival_up_and_down, layout_basic
D:2:      layout_loops_ring, roderic_cross_of_infinity, uniq_natasha, uniq_robin

Skill      XL: |  1  2 |
---------------+-------+-----
Maces & Flails | 2 3 |  3.0
Fighting       | |  2.6
Armour         | |  2.4
Shields        | |  2.6

Action                   || total
-------------------------++-------
Melee: Flail             ||    46
       Bite              ||    12
Armor: Scale mail        ||    22
Dodge: Dodged            ||    18
Block: Shield            ||    10

Table legend:
 A = Non-vault XP
 B = Vault XP
 C = Vault XP percentage of total XP
 D = Non-vault monster count
 E = Vault monster count
 F = Vault count percentage of total count
                 A         B        C        D         E       F
            +---------+---------+-------+---------+---------+-------
      Total |      24 |       8 |  25.0 |      16 |       4 |  20.0
            +---------+---------+-------+---------+---------+-------
        D:1 |      13 |       0 |   0.0 |       9 |       0 |   0.0
        D:2 |      11 |       8 |  42.1 |       7 |       4 |  36.4
            +---------+---------+-------+---------+---------+-------
